 Dungeon Crawl Stone Soup version 0.30-a0-778-g2ef04afb54 (webtiles) character file.

Game seed: 1222494622132703084

24 BRD the Shield-Bearer (level 3, -4/35 HPs)
             Began as a Gnoll Fighter on Feb 16, 2023.
             Killed from afar by Sigmund (6 damage)
             ... with a puff of flame
             ... on level 2 of the Dungeon.
             The game lasted 00:01:17 (1220 turns).

BRD the Shield-Bearer (Gnoll Fighter)               Turns: 1220, Time: 00:01:17

Health: -4/35      AC:  7    Str: 17    XL:     3   Next: 2%
Magic:  3/3        EV:  9    Int:  7    God:
Gold:   69         SH:  5    Dex: 11    Spells: 3/3 levels left

rFire   . . .      SeeInvis .    a - +0 war axe
rCold   . . .      Faith    .    c - +0 buckler
rNeg    . . .      Spirit   .    b - +0 scale mail
rPois   .          Reflect  .    (no helmet)
rElec   .          Harm     .    (no cloak)
rCorr   .          Rampage  .    (no gloves)
Will    .....                    (no boots) Stlth
                                 (no amulet)
HPRegen 0.25/turn                (no ring)
MPRegen 0.08/turn                (no ring)

@: mighty
A: fangs 1, strong nose, distributed training
a: no special abilities


You were on level 2 of the Dungeon.
You visited 1 branch of the dungeon, and saw 2 of its levels.

You collected 69 gold pieces.

Inventory:

Hand Weapons
 a - a +0 war axe (weapon)
Missiles
 g - 3 poisoned darts (quivered)
Armour
 b - a +0 scale mail (worn)
 c - a +0 buckler (worn)
Scrolls
 e - 2 scrolls of identify {unknown}
 f - 2 scrolls of poison {unknown}
 h - 3 scrolls of blinking {unknown}
 k - 2 scrolls of magic mapping {unknown}
Potions
 i - 3 potions of curing {unknown}
 j - a potion of heal wounds {unknown}
 l - a potion of haste {unknown}


   Skills:
 + Level 6.5 Fighting
 + Level 0.6 Short Blades
 + Level 0.6 Long Blades
 + Level 4.5 Axes
 + Level 0.6 Maces & Flails
 + Level 0.6 Polearms
 + Level 0.6 Staves
 + Level 0.6 Ranged Weapons
 + Level 0.6 Throwing
 + Level 6.5 Armour
 + Level 0.6 Dodging
 + Level 0.6 Stealth
 + Level 6.5 Shields
 + Level 0.6 Unarmed Combat
 + Level 0.6 Spellcasting
 + Level 0.4 Conjurations
 + Level 0.4 Hexes
 + Level 0.4 Summonings
 + Level 0.4 Necromancy
 + Level 0.4 Translocations
 + Level 0.4 Transmutations
 + Level 0.4 Fire Magic
 + Level 0.4 Ice Magic
 + Level 0.4 Air Magic
 + Level 0.4 Earth Magic
 + Level 0.4 Poison Magic
 + Level 0.8 Invocations
 + Level 0.6 Evocations


You had 3 spell levels left.
You didn't know any spells.
Your spell library was empty.

Dungeon Overview and Level Annotations

Branches:
Dungeon (2/15)

Altars:

Annotations:
D:2 Sigmund


Innate Abilities, Weirdness & Mutations

You have very sharp teeth.
Your uncanny sense of smell can sniff out nearby items.
Your experience applies equally to all skills.


Message History

Sigmund hits you from afar with a +0 scythe.
* * * LOW HITPOINT WARNING * * *
You feel less confused. Sigmund gestures at you while chanting.
You are confused.
You closely miss Sigmund. Your bite misses Sigmund.
You barely miss the giant cockroach.
The giant cockroach bites you but does no damage.
Sigmund barely misses you.
You barely miss the giant cockroach. You bite the giant cockroach.
You kill the giant cockroach!
You slash Sigmund!
Sigmund breathes a few words.
Sigmund's hands start flickering wildly.
Sigmund hits you but does no damage.
You have reached level 3!
Your experience leads to an increase in your attributes!
Increase (S)trength, (I)ntelligence, or (D)exterity?
You feel stronger. x2
Sigmund hits you with a +0 scythe.
* * * LOW HITPOINT WARNING * * *
You see here a giant cockroach corpse.
You bump into the rock wall.
You bump into the rock wall.
Sigmund casts a spell at you. The magic dart hits you.
* * * LOW HITPOINT WARNING * * *
You bump into the rock wall.
You feel less confused. Sigmund hits you with a +0 scythe.
* * * LOW HITPOINT WARNING * * *
You slash Sigmund! You bite Sigmund!
Sigmund is almost dead.
Sigmund hits you with a +0 scythe.
* * * LOW HITPOINT WARNING * * *
You barely miss Sigmund.
Sigmund is almost dead.
Sigmund points at you and mumbles some strange words.
The puff of flame hits you.
You die...

. . #. #. #.
#.########### .##
###............ ..#
.........#### #.#
#......#....# #.#
#..###.@@##.######.#####
# ##.###.##..........
#.# #..).###.##### #.#
#.#### #.# #.# #.# #.#
#.# #.# #.# #.# #.# #.#
#.# #.. #.# ∆ #.. #.#


You could see Sigmund.

Vanquished Creatures
  A dart slug (D:1)
  2 ball pythons
  2 endoplasms (D:1)
  A giant cockroach (D:2)
  4 hobgoblins
  3 jackals (D:1)
  A kobold (D:1)
  4 bats (D:1)
  A frilled lizard (D:2)
19 creatures vanquished.

Notes
Turn   | Place    | Note
-------+----------+-------------------------------------------
     0 | D:1      | BRD the Gnoll Fighter began the quest for the Orb.
     0 | D:1      | Reached XP level 1. HP: 23/23 MP: 1/1
   347 | D:1      | Reached XP level 2. HP: 29/29 MP: 2/2
  1203 | D:2      | Noticed Sigmund
  1215 | D:2      | Reached XP level 3. HP: 10/35 MP: 3/3
  1220 | D:2      | Killed from afar by Sigmund

Illustrated notes

Levels and vault maps discovered:
D:1:      onia_arrival_pyramid, layout_loops_corners, kennysheep_nondescript,
          nicolae_hexahallways, chequers_jeans, hangedman_decor_peaks_small,
          minmay_pentomino_v2
D:2:      layout_loops_ring, uniq_sigmund

Action                     || total
---------------------------++-------
  Melee: War axe           ||    51
         Bite              ||     5
    Use: Potion            ||     1
 Armour: Scale mail        ||    15
  Dodge: Dodged            ||    19
  Block: Buckler           ||    12

Table legend: (Time is in decaauts)
 A = Elapsed time spent in this place.
 B = Non-inter-level travel time spent in this place.
 C = Inter-level travel time spent in this place.
 D = Time resting spent in this place.
 E = Time spent auto-exploring this place.
 F = Levels seen in this place.
 G = Mean time per level.
                   A        B        C        D        E       F      G
               +--------+--------+--------+--------+--------+-----+--------+
         Total |   1236 |   1229 |      7 |     57 |   1029 |   2 |  618.0 |
       Dungeon |   1236 |   1229 |      7 |     57 |   1029 |   2 |  618.0 |
               +--------+--------+--------+--------+--------+-----+--------+

Top non-repeatable levels by time:
     D:1: 1120 daAuts
     D:2: 115 daAuts
